Map: Romanticide LE

Players

MCanning - Winner!

  • Race: Protoss Protoss
  • Spawn Location: 5:00

PiLiPiLi

  • Race: Protoss Protoss
  • League: Grandmaster
  • Spawn Location: 11:00

Event: DreamHack SC2 Masters 2020 Winter

VOD

Have the link to the VOD?

Description

Time

  • Played on: Oct. 27, 2020, 3:55 p.m.
  • Length: 12:52

All games in this series

Show
View Real Time Build Order
Export as new Build Order

MCanning Protoss - Winner!

Build Orders: Oracle Opening 

Get SALT Encoding   

  12  0:00  Probe  
  13  0:12  Probe  
  14  0:17  Pylon  
  14  0:24  Probe  
  15  0:36  Probe (Chrono Boost)  
  15  0:38  Gateway  
  16  0:47  Assimilator, Probe (Chrono Boost)  
  17  0:52  Probe (Chrono Boost)  
  17  0:55  Assimilator  
  18  1:03  Probe (Chrono Boost)  
  19  1:15  Gateway, Probe (Chrono Boost)  
  20  1:21  Probe (Chrono Boost)  
  21  1:26  Cybernetics Core  
  21  1:29  Probe  
  22  1:39  Pylon  
  22  1:41  Probe  
  23  2:00  Warp Gate (Chrono Boost)  
  24  2:02  Adept x2  
  27  2:18  Pylon  
  27  2:32  Adept x2  
  31  2:41  Stargate  
  31  2:47  Probe  
  32  3:02  Adept  
  36  3:14  Nexus  
  36  3:20  Pylon  
  36  3:22  Oracle (Chrono Boost)  
  37  3:29  Probe  
  38  3:38  Shield Battery  
  39  3:41  Probe  
  39  3:52  Oracle  
  42  3:59  Probe  
  41  4:05  Stargate  
  41  4:11  Probe  
  42  4:23  Probe (Chrono Boost)  
  43  4:29  Pylon, Void Ray  
  43  4:30  Probe (Chrono Boost)  
  44  4:36  Probe (Chrono Boost)  
  49  4:41  Probe (Chrono Boost)  
  49  4:45  Probe (Chrono Boost)  
  51  4:47  Probe (Chrono Boost)  
  51  4:49  Shield Battery  
  51  4:51  Probe (Chrono Boost)  
  51  4:54  Probe  
  51  4:56  Void Ray  
  52  5:02  Probe  
  52  5:06  Void Ray  
  55  5:13  Probe  
  60  5:16  Probe  
  60  5:17  Assimilator  
  61  5:22  Assimilator  
  61  5:25  Probe  
  61  5:28  Probe  
  63  5:31  Pylon  
  63  5:36  Pylon  
  63  5:37  Probe  
  63  5:41  Void Ray (Chrono Boost)  
  64  5:48  Shield Battery  
  64  5:49  Shield Battery, Protoss Air Weapons Level 1  
  64  5:55  Probe  
  69  6:03  Probe  
  70  6:06  Forge  
  74  6:11  Void Ray (Chrono Boost)  
  74  6:17  Void Ray (Chrono Boost)  
  74  6:19  Stalker  
  74  6:24  Probe  
  74  6:25  Probe  
  82  6:36  Probe  
  82  6:37  Robotics Facility  
  79  6:43  Probe, Void Ray  
  80  6:47  Shield Battery  
  80  6:50  Pylon  
  80  6:52  Photon Cannon  
  84  6:57  Photon Cannon  
  84  7:06  Pylon  
  84  7:11  Photon Cannon  
  84  7:13  Pylon  
  84  7:18  Void Ray  
  84  7:20  Void Ray (Chrono Boost)  
  76  7:47  Photon Cannon  
  76  7:48  Zealot  
  76  7:49  Zealot, Shield Battery  
  80  7:53  Void Ray (Chrono Boost)  
  74  8:03  Shield Battery  
  74  8:04  Photon Cannon, Void Ray (Chrono Boost)  
  82  8:08  Immortal  
  82  8:12  Sentry  
  88  8:14  Zealot  
  90  8:23  Void Ray  
  94  8:38  Robotics Bay  
  94  8:44  Nexus  
  94  8:48  Pylon  
  94  8:50  Pylon  
  94  9:00  Void Ray  
  94  9:06  Observer (Chrono Boost), Probe, Void Ray  
  100  9:12  Photon Cannon  
  104  9:18  Photon Cannon  
  104  9:19  Stalker x2  
  107  9:25  Pylon  
  107  9:27  Pylon  
  107  9:30  Pylon  
  107  9:36  Pylon  
  107  9:39  Pylon  
  107  9:42  Disruptor (Chrono Boost)  
  110  9:48  Pylon  
  110  10:01  Void Ray  
  110  10:02  Void Ray  
  110  10:08  Disruptor (Chrono Boost)  
  110  10:12  Zealot x2  
  125  10:26  Shield Battery  
  125  10:37  Void Ray  
  125  10:40  Photon Cannon  
  125  10:43  Disruptor (Chrono Boost)  
  125  10:46  Nexus  
  132  10:50  Pylon  
  132  10:54  Pylon  
  132  10:55  Pylon  
  132  10:58  Void Ray  
  132  11:07  Zealot x2  
  132  11:09  Disruptor (Chrono Boost)  
  143  11:18  Void Ray  
  143  11:19  Photon Cannon  
  144  11:38  Void Ray  
  140  11:41  Disruptor  
  147  12:02  Zealot  
  147  12:03  Zealot  
  151  12:10  Photon Cannon  
  151  12:12  Shield Battery  
  147  12:37  Zealot x2  
Show
View Real Time Build Order
Export as new Build Order

PiLiPiLi Protoss 

Build Orders: 1 Gate Expand, Proxy Void Ray 

Get SALT Encoding   

  12  0:00  Probe  
  13  0:12  Probe  
  14  0:20  Pylon  
  14  0:24  Probe  
  15  0:38  Probe (Chrono Boost)  
  15  0:39  Gateway  
  16  0:47  Probe (Chrono Boost)  
  17  0:50  Assimilator  
  17  0:52  Probe  
  18  1:04  Probe  
  19  1:16  Probe  
  20  1:24  Nexus  
  20  1:33  Cybernetics Core  
  20  1:36  Probe  
  21  1:45  Assimilator  
  21  1:48  Probe  
  21  1:52  Pylon  
  22  2:00  Probe  
  23  2:08  Stalker (Chrono Boost)  
  23  2:12  Probe  
  26  2:19  Pylon  
  26  2:23  Stargate  
  25  2:38  Stalker  
  25  2:41  Warp Gate  
  27  2:46  Gateway  
  27  2:48  Probe  
  28  2:55  Shield Battery  
  28  3:00  Probe  
  28  3:03  Void Ray (Chrono Boost)  
  33  3:20  Probe  
  33  3:21  Shield Battery, Probe  
  35  3:30  Void Ray (Chrono Boost)  
  35  3:32  Probe  
  40  3:46  Pylon  
  40  3:50  Probe x2  
  42  4:02  Probe x2, Void Ray (Chrono Boost)  
  44  4:03  Pylon  
  44  4:07  Shield Battery  
  44  4:14  Probe  
  44  4:16  Probe  
  50  4:26  Robotics Facility, Probe  
  51  4:33  Probe  
  51  4:34  Pylon  
  52  4:46  Void Ray (Chrono Boost)  
  52  4:49  Probe x2  
  58  5:00  Gateway  
  58  5:01  Gateway  
  53  5:16  Probe x2  
  55  5:25  Void Ray (Chrono Boost)  
  55  5:26  Warp Prism (Chrono Boost)  
  55  5:27  Gateway  
  55  5:28  Gateway  
  61  5:45  Probe  
  61  5:46  Probe  
  63  5:53  Adept x2  
  63  5:55  Pylon  
  67  5:58  Pylon  
  67  5:59  Pylon  
  67  6:04  Void Ray (Chrono Boost)  
  67  6:08  Pylon  
  71  6:21  Zealot x3, Adept  
  75  6:35  Probe  
  75  6:36  Probe  
  77  6:43  Stalker x2, Zealot x3  
  85  6:47  Probe  
  85  6:48  Probe  
  85  6:50  Assimilator  
  87  7:06  Stalker x2, Zealot  
  87  7:07  Zealot x2  
  97  7:09  Stalker  
  81  7:31  Stalker x2, Zealot  
  81  7:32  Zealot x2  
  73  7:59  Stalker x3  
  73  8:00  Stalker, Zealot x2  
  73  8:01  Probe x2  
  73  8:04  Assimilator  
  87  8:06  Pylon  
  77  8:32  Stalker x4  
  77  8:33  Stalker  
  87  8:41  Pylon  
  87  8:43  Pylon  
  87  8:46  Twilight Council  
  87  8:57  Stalker x3  
  87  8:58  Zealot x2  
  87  9:14  Stalker  
  86  9:20  Stalker  
  86  9:21  Stalker, Probe  
  86  9:24  Probe  
  89  9:33  Blink (Chrono Boost)  
  89  9:42  Probe x2 (Chrono Boost)  
  91  9:52  Probe x2 (Chrono Boost)  
  93  9:57  Probe (Chrono Boost)  
  93  9:58  Stalker x2  
  98  10:01  Stalker  
  100  10:16  Stalker x2  
  104  10:22  Probe  
  104  10:23  Probe  
  98  10:36  Stalker x2  
  104  10:45  Stalker  
  104  10:52  Stalker x2  
  108  11:05  Stalker x2  
  112  11:23  Stalker x3  
  118  11:37  Stalker x2  
  118  11:59  Stalker x2  
  118  12:00  Stalker  
  106  12:02  Stalker  
  100  12:20  Stalker  
  90  12:33  Stalker  
  90  12:34  Stalker x3  
Tags
 
Add a new tag
Caveats
  • Supply blocks, unpowered buildings, or Contaminate may cause inaccurate times.
  • Supply counts are checked every 10 seconds.